AoeStats
← Caga Mole

Arena

510857808Analyzed
4v4 RM · 9h ago on Oct 2, 2026· 38m 51s· 8 players
Game mode
Random Map
Map size
Large (8 player)
Population
200
Speed
Normal
Resources
Standard
Victory
Conquest
Starting age
Dark Age
Ending age
Imperial Age
RankedLock teamsTeams togetherTeam positionsShared explorationLock speedFull tech treeHidden civsTurbo modeCheats
Victory
Defeat
🇭🇷 Spanish · Croatia
1507
+9
🇧🇦 Italians · Bosnia & Herzegovina
1452
+11
🇷🇸 Mongols · Serbia
1426
+12
🇷🇸 Sicilians · Serbia
1204
+20
🇧🇷 Khmer · Brazil
1360
-14
🇲🇽 Varangians · Mexico
1354
-14
🇲🇽 Saxons · Mexico
1311
-12
🇹🇼 Poles · Taiwan
1310
-12
dl_king
11:10 Feudal Age
14:44 Castle Age
13:11 Horse Collar
13:55 Double-Bit Axe
15:41 Wheelbarrow
21:39 Fletching
22:37 Loom
23:07 Hand Cart
22:37 Town Watch
24:37 Gold Mining
25:44 Bow Saw
26:14 Padded Archer Armor
26:16 Bodkin Arrow
25:47 Elite Skirmisher
27:28 Fervor
28:20 Town Patrol
33:01 Imperial Age
30:38 Heavy Plow
31:33 Stone Mining
32:03 Bloodlines
31:53 Husbandry
32:02 Scale Barding Armor
33:29 Chain Barding Armor
33:19 Forging
33:25 Leather Archer Armor
33:45 Cranequins
34:35 Bracer
35:11 Plate Barding Armor
35:11 Iron Casting
35:47 Heavy Mounted Crossbowman
37:14 Ballistics
37:42 Ring Archer Armor
38:15 Chemistry
37:03 Vendel Legacy
38:48 Conscription
:) YO30830
9:13 Feudal Age
9:48 Double-Bit Axe
14:27 Castle Age
12:38 Horse Collar
21:37 Scale Mail Armor
21:47 Forging
23:10 Wheelbarrow
22:21 Loom
29:26 Imperial Age
27:00 Gold Mining
27:01 Stone Mining
27:14 Heavy Plow
27:26 Bow Saw
27:14 Gambesons
26:50 Pikeman
27:30 Squires
27:16 Arson
28:28 Chain Mail Armor
28:23 Forging
31:00 Plate Mail Armor
31:05 Iron Casting
30:46 Elite Varangian Guard
31:44 Scale Barding Armor
31:16 Shield Wall
32:16 Conscription
31:34 Capped Ram
32:49 Crop Rotation
35:01 Halberdier
Red
9:35 Feudal Age
10:35 Loom
14:11 Castle Age
12:53 Double-Bit Axe
12:51 Horse Collar
16:52 Wheelbarrow
24:33 Hand Cart
Caga Mole
6:35 Loom
11:41 Feudal Age
14:29 Castle Age
12:20 Double-Bit Axe
12:15 Horse Collar
19:24 Husbandry
24:18 Ballistics
dekster
9:13 Loom
11:02 Feudal Age
15:11 Castle Age
13:46 Double-Bit Axe
15:31 Horse Collar
22:33 Scale Mail Armor
23:25 Fletching
27:33 Chain Mail Armor
28:47 Forging
31:11 Bow Saw
36:38 Wheelbarrow
37:08 Arson
37:24 Squires
39:21 Hand Cart
SaleMajstor
10:49 Feudal Age
14:52 Castle Age
12:54 Double-Bit Axe
12:50 Horse Collar
15:54 Bow Saw
15:59 Fletching
17:48 Loom
26:34 Wheelbarrow
30:01 Imperial Age
28:09 Bodkin Arrow
28:35 Ballistics
28:18 Gold Mining
28:21 Stone Mining
29:49 Padded Archer Armor
31:43 Chemistry
31:51 Conscription
34:07 Pirotechnia
36:17 Thumb Ring
36:19 Bracer
37:11 Elite Genoese Crossbowman
g0ldenJew
10:56 Feudal Age
15:02 Castle Age
13:32 Double-Bit Axe
14:01 Horse Collar
21:31 Padded Archer Armor
25:28 Leather Archer Armor
28:39 Loom
33:31 Imperial Age
32:01 Wheelbarrow
31:12 Town Watch
31:50 Bow Saw
31:32 Gold Mining
31:32 Stone Mining
32:56 Husbandry
33:06 Bloodlines
34:45 Ring Archer Armor
35:44 Forging
35:39 Scale Barding Armor
35:41 Capped Ram
38:23 Elite Conquistador
AckeLegenda
9:52 Feudal Age
14:01 Castle Age
12:44 Double-Bit Axe
15:08 Horse Collar
21:01 Gold Mining
22:47 Gold Shaft Mining
22:03 Stone Mining
23:03 Wheelbarrow
24:41 Hand Cart
28:38 Imperial Age
26:32 Fletching
27:17 Bodkin Arrow
27:52 Ballistics
27:23 Loom
28:33 Bow Saw
28:44 Capped Ram
29:51 Conscription
29:33 Bracer
29:49 Bloodlines
30:50 Padded Archer Armor
31:47 Leather Archer Armor
32:04 Conscription
32:19 Heavy Plow
32:55 Drill
32:06 Elite Mangudai
33:13 Parthian Tactics
32:55 Thumb Ring
34:05 Siege Ram
34:22 Elite Mangudai
36:36 Chemistry
Connection lost

Rejoining the realm…

Still unreachable

The connection could not be restored.

Session expired

The server has moved on; the page needs a fresh start.